 Dungeon Crawl Stone Soup version 0.28.0-47-ge53b351184 (webtiles) character file.

Game seed: 17017091542638256579

108 issech the Cudgeller (level 4, -5/45 HPs)
             Began as a Troll Monk on May 7, 2022.
             Slain by Sigmund
             ... wielding a +0 scythe
              (8 damage)
             ... on level 2 of the Dungeon.
             The game lasted 00:05:44 (1260 turns).

issech the Cudgeller (Troll Monk)                   Turns: 1260, Time: 00:05:45

Health: -5/45      AC:  4    Str: 19    XL:     4   Next: 58%
Magic:  3/3        EV:  9    Int:  6    God:
Gold:   26         SH:  7    Dex: 14    Spells: 3/3 levels left

rFire   . . .      SeeInvis .   g - +0 long sword
rCold   + . .      Faith    .   i - +0 kite shield
rNeg    . . .      Spirit   .   b - +0 robe
rPois   .          Reflect  .   (helmet restricted)
rElec   .          Harm     .   (no cloak)
rCorr   .          Rampage  .   (gloves unavailable)
Will    .....                   (boots unavailable)
Stlth   ++........              (no amulet)
HPRegen 0.95/turn               o - ring of protection from cold
MPRegen 0.08/turn               (no ring)

@: no status effects
A: large, unfitting armour, claws 3, regeneration 1, shaggy fur 1, tough skin 1
a: no special abilities


You were on level 2 of the Dungeon.
You visited 1 branch of the dungeon, and saw 2 of its levels.

You collected 26 gold pieces.

Inventory:

Hand Weapons
 a - a +0 mace
 g - a +0 long sword (weapon)
Missiles
 c - 44 stones (quivered)
 m - 18 arrows
Armour
 b - a +0 robe (worn)
 i - a +0 kite shield (worn)
Jewellery
 o - a ring of protection from cold (left claw)
Scrolls
 d - a scroll of torment {unknown}
 h - 2 scrolls of blinking {unknown}
 j - a scroll of holy word {unknown}
 l - a scroll of teleportation {unknown}
 n - a scroll of acquirement {unknown}
Potions
 e - a potion of heal wounds {unknown}
 f - a potion of curing {unknown}
 k - a potion of attraction {unknown}
 p - a potion of invisibility {unknown}


   Skills:
 + Level 3.0 Fighting
 + Level 1.8 Long Blades
 + Level 3.0 Maces & Flails
 + Level 3.0 Dodging
 + Level 1.2 Stealth
 + Level 0.4 Shields


You had 3 spell levels left.
You didn't know any spells.
Your spell library contained the following spells:

 Spells                   Type           Power      Damage    Failure   Level
 Ignite Poison            Fire/Tmut/Pois 0%         N/A       98%         3
 Mephitic Cloud           Conj/Pois/Air  0%         N/A       98%         3
 Freezing Cloud           Conj/Ice/Air   0%         6-21      100%        5


Dungeon Overview and Level Annotations

Branches:
Dungeon (2/15)

Altars:

Annotations:
D:2 Sigmund


Innate Abilities, Weirdness & Mutations

You are too large for most types of armour.
You have claws for hands.
Your natural rate of healing is unusually fast.
You are covered in fur. (AC +1)
You have tough skin. (AC +1)


Message History

Deactivating autopickup; reactivate with Ctrl-A.
You are confused.
You bump into the rock wall.
Unknown command.
You see here a golden potion.
p - a golden potion Something hits you but does no damage.
You feel less confused. Something hits you. You block something's attack.
A puff of flame appears from out of thin air!
You block the puff of flame.
The gnoll shouts!
A puff of flame appears from out of thin air!
The puff of flame hits you.
You hit the gnoll.
The gnoll is moderately wounded.
The gnoll hits you with a +0 whip.
You closely miss the gnoll.
The gnoll is moderately wounded.
The gnoll barely misses you. The gnoll hits you with a +0 whip.
You hit the gnoll.
The gnoll is moderately wounded.
Something hits you! The gnoll hits you with a +0 whip.
You hit the gnoll but do no damage.
The gnoll is moderately wounded.
Something hits you! The gnoll closely misses you.
You hit the gnoll.
The gnoll is severely wounded.
The gnoll barely misses you. Something hits you!
* * * LOW HITPOINT WARNING * * *
The gnoll hits you with a +0 whip.
* * * LOW HITPOINT WARNING * * *
You barely miss the gnoll.
The gnoll is severely wounded.
You block something's attack. You block the gnoll's attack.
You slash the gnoll!
You kill the gnoll!
Something hits you!
You die...

##..##.# ##...... #..###.#
###....## #.## #..
#...#.## #{#
#.######.##..# #####.##
#...........## #......#
###...........# #......#
#.............#
#......###.............#
#........@)............#
#....).#...............###
#........#####........)...
#####..### #.........###
#.## ####.######## #.#
####g##...... ##.#
#####..g.##^#####
##..####....<.### ###
#................... ...


There were no monsters in sight!

Vanquished Creatures
  Jessica (D:2)
  3 gnolls
  An adder (D:2)
  A worm (D:2)
  A dart slug (D:1)
  4 endoplasms
  3 giant cockroaches
  4 goblins
  4 hobgoblins
  6 jackals
  5 kobolds
  3 quokkas
  3 ball pythons
  A bat (D:1)
  3 rats
43 creatures vanquished.

Notes
Turn   | Place    | Note
-------+----------+-------------------------------------------
     0 | D:1      | issech the Troll Monk began the quest for the Orb.
     0 | D:1      | Reached XP level 1. HP: 22/22 MP: 0/0
   165 | D:1      | Found a faded altar of an unknown god.
   235 | D:1      | Reached XP level 2. HP: 29/29 MP: 1/1
   292 | D:1      | You fall into a shaft and drop 1 floor!
   380 | D:2      | Reached XP level 3. HP: 16/36 MP: 2/2
   577 | D:1      | Reached skill level 1 in Long Blades
   961 | D:2      | Reached XP level 4. HP: 20/44 MP: 3/3
  1132 | D:2      | Noticed Jessica
  1138 | D:2      | Noticed Sigmund
  1144 | D:2      | Killed Jessica
  1258 | D:2      | HP: 1/45 [gnoll/+0 whip (5)]
  1260 | D:2      | Slain by Sigmund

Illustrated notes

Levels and vault maps discovered:
D:1:      dpeg_arrival_castle, layout_basic, ebering_ecumenical_altar_petrified
D:2:      layout_rooms, uniq_sigmund, uniq_jessica

Skill      XL: |  1  2  3  4 |
---------------+-------------+-----
Maces & Flails | 3 |  3.0
Long Blades    | 1 |  1.8
Fighting       | 3 |  3.0
Dodging        | 3 |  3.0
Stealth        | |  1.2
Shields        | |  0.4

Action                   |  1- 3 |  4- 6 || total
-------------------------+-------+-------++-------
Melee: Mace              |    17 |       ||    17
       Long sword        |    96 |    36 ||   132
Throw: Stone             |     1 |       ||     1
 Stab: Sleeping          |     1 |       ||     1
Armor: Robe              |    62 |    12 ||    74
Dodge: Dodged            |    80 |    14 ||    94
Block: Kite shield       |    40 |    16 ||    56
